 Dungeon Crawl Stone Soup version 0.18.1-48-g4cf74bf (webtiles) character file.

2391 MaCx the Basher (level 9, -6/71 HPs)
             Began as a Minotaur Fighter on Aug 28, 2016.
             Mangled by a slave (8 damage)
             ... led by Pikel
             ... on level 8 of the Dungeon.
             The game lasted 00:29:46 (7323 turns).

MaCx the Basher (Minotaur Fighter)                  Turns: 7323, Time: 00:29:47

Health: -6/71      AC:  4    Str: 30    XL:     9   Next: 22%
Magic:  8/8        EV: 17    Int:  5    God:
Gold:   411        SH:  0    Dex: 14    Spells: 0 memorised, 8 levels left

rFire  . . .     SeeInvis .     (weapon currently unavailable)
rCold  . . .     Gourm    .     (armour currently unavailable)
rNeg   . . .     Faith    .     (shield currently unavailable)
rPois  x         Spirit   .     (helmet currently unavailable)
rElec  .         Dismiss  .     (cloak currently unavailable)
rCorr  .         Reflect  .     (gloves currently unavailable)
SustAt .         Harm     .     (boots currently unavailable)
MR     .....                    (no amulet)
Stlth  +.........               u - +2 ring of protection
                                q - +5 ring of strength

@: spider-form, not resistant to hostile enchantments, very unstealthy
A: (retaliatory headbutt), (horns 0)
a: no special abilities


You were on level 8 of the Dungeon.
You were not hungry.
You were a venomous arachnid creature.
You visited 2 branches of the dungeon, and saw 9 of its levels.

You collected 411 gold pieces.

Inventory:

Hand Weapons
 v - a +2 mace of protection (melded)
Missiles
 t - 24 poisoned needles
 D - 10 tomahawks (quivered)
Armour
 b - a +0 scale mail (melded)
 c - a +0 shield (melded)
 n - a +2 cloak (melded)
 F - a +0 pair of boots (melded)
Jewellery
 q - a +5 ring of strength (left front leg)
 u - a +2 ring of protection (right front leg)
Wands
 E - a wand of digging (12/24)
Scrolls
 a - a scroll of silence {unknown}
 h - 2 scrolls of teleportation {unknown}
 l - 3 scrolls of blinking {unknown}
 o - a scroll of remove curse {unknown}
 r - 4 scrolls of fog {unknown}
 w - a scroll of enchant weapon {unknown}
 x - 2 scrolls of fear {unknown}
 y - 2 scrolls of magic mapping {unknown}
 A - 5 scrolls of identify
Potions
 d - 3 potions of might
 e - 3 potions of brilliance {unknown}
 g - 3 potions of curing {unknown}
 i - 2 potions of cancellation {unknown}
 j - 2 potions of degeneration {unknown}
 k - a potion of ambrosia {unknown}
 s - 3 potions of heal wounds {unknown}
 z - 2 potions of haste {unknown}
 B - 3 potions of mutation {unknown}
 C - a potion of lignification {unknown}
 G - a potion of agility {unknown}
Comestibles
 f - 6 bread rations
 m - 2 meat rations
 p - 3 beef jerkies
 H - a slice of pizza
 I - 2 chunks of flesh


   Skills:
 + Level 3.9 Fighting
 - Level 14.0 Maces & Flails
 + Level 0.6 Throwing
 + Level 3.9 Armour
 + Level 3.9 Shields


You had 8 spell levels left.
You didn't know any spells.

Dungeon Overview and Level Annotations

Branches:
Dungeon (8/15)             Temple (1/1) D:7
   Lair: D:8-11

Altars:
Cheibriados
Elyvilon
Fedhas
Kikubaaqudgha
Makhleb
Nemelex Xobeh
Qazlal
Ru
Sif Muna
Trog
Vehumet
Xom
Zin
The Shining One

Shops:
D:5 }   D:6 %

Annotations:
D:8 Pikel


Innate Abilities, Weirdness & Mutations

((You reflexively headbutt those who attack you in melee.))
((You have a pair of horns on your head.))


Message History

Pikel closely misses you. The slave closely misses you.
The slave barely misses you. The slave hits you. x2
You hit Pikel but do no damage.
Pikel is severely wounded.
Pikel barely misses you. The slave closely misses you. The slave misses you.
The slave hits you but does no damage. The slave hits you!
* * * LOW HITPOINT WARNING * * *
You hit Pikel but do no damage.
Pikel is severely wounded.
Pikel hits you with a whip of freezing.
* * * LOW HITPOINT WARNING * * *
Pikel freezes you.
* * * LOW HITPOINT WARNING * * *
The slave barely misses you. The slave misses you. The slave hits you!
* * * LOW HITPOINT WARNING * * *
The slave closely misses you.
You hit Pikel but do no damage.
Pikel is severely wounded.
Pikel hits you but does no damage. The slave hits you!
You die...

### ########.#
.........#
.#######.###
..........# #
.######'#.# #
#..####.....##+###.#
#..........#..psp..#
##.###.....#..pKp..# #
#.....#.......#
.##.###.....#.......#
.....<..#####...<.....
.##.#...# #......####
.......... #........
.####....##.#......##
#....# #......#


You could see Pikel and 4 slaves.

Vanquished Creatures
  Grinder (D:3)
  2 orc warriors (D:6)
  A phantom (D:6)
  2 ogres
  A necrophage (D:7)
  2 centaurs
  2 giant frogs
  A gnoll sergeant (D:6)
  4 wights (D:5)
  2 howler monkeys (D:6)
  A crimson imp (D:6)
  A centaur zombie (D:7)
  A giant frog skeleton (D:6)
  5 hounds
  4 jellies
  5 orc priests
  4 orc wizards
  Terence (D:2)
  An iguana (D:4)
  2 worker ants
  A killer bee zombie (D:7)
  A hound zombie (D:7)
  A hound skeleton (D:7)
  A worker ant zombie (D:7)
  9 gnolls
  7 adders
  An ooze (D:7)
  An adder skeleton (D:6)
  2 worms
  A dart slug (D:2)
  5 giant geckos
  22 orcs
  2 ball pythons
  3 giant cockroaches
  8 goblins
  8 hobgoblins
  6 jackals
  A quokka (D:6)
  3 bats
  4 giant newts
  7 kobolds
  7 rats
144 creatures vanquished.

Notes
Turn   | Place    | Note
--------------------------------------------------------------
     0 | D:1      | MaCx the Minotaur Fighter began the quest for the Orb.
     0 | D:1      | Reached XP level 1. HP: 19/19 MP: 0/0
   101 | D:1      | Reached XP level 2. HP: 27/27 MP: 1/1
   201 | D:1      | Reached skill level 3 in Maces & Flails
   563 | D:1      | Reached XP level 3. HP: 24/33 MP: 2/2
   858 | D:2      | Reached skill level 4 in Maces & Flails
  1113 | D:2      | Noticed Terence
  1126 | D:2      | Killed Terence
  1126 | D:2      | Reached skill level 5 in Maces & Flails
  1126 | D:2      | Reached XP level 4. HP: 29/40 MP: 3/3
  1489 | D:2      | Found a radiant altar of Vehumet.
  1803 | D:3      | Noticed Grinder
  1812 | D:3      | Paralysed by Grinder for 6 turns
  1829 | D:3      | Killed Grinder
  1829 | D:3      | Reached skill level 7 in Maces & Flails
  1829 | D:3      | Reached XP level 5. HP: 26/46 MP: 4/4
  1829 | D:3      | Reached XP level 6. HP: 30/52 MP: 5/5
  2489 | D:4      | Reached skill level 8 in Maces & Flails
  3255 | D:4      | Found a snail-covered altar of Cheibriados.
  3259 | D:4      | Found an ancient bone altar of Kikubaaqudgha.
  3262 | D:4      | Found a white marble altar of Elyvilon.
  3499 | D:5      | Entered Level 5 of the Dungeon
  3551 | D:5      | Reached skill level 9 in Maces & Flails
  3627 | D:5      | Reached XP level 7. HP: 58/58 MP: 6/6
  3814 | D:5      | Found Nibaica's Gadget Shop.
  3954 | D:5      | Found a sand-covered staircase.
  4923 | D:5      | Reached skill level 10 in Maces & Flails
  5197 | D:6      | Reached skill level 11 in Maces & Flails
  5200 | D:6      | Reached XP level 8. HP: 56/66 MP: 7/7
  5340 | D:6      | Reached skill level 12 in Maces & Flails
  6048 | D:6      | Found Ziaxt's Food Boutique.
  6079 | D:6      | Reached skill level 13 in Maces & Flails
  6495 | D:7      | Reached XP level 9. HP: 66/71 MP: 8/8
  6620 | D:7      | Found a staircase to the Ecumenical Temple.
  6658 | Temple   | Entered the Ecumenical Temple
  6899 | D:7      | Found a shimmering altar of Xom.
  6904 | D:7      | Found a glowing silver altar of Zin.
  7050 | D:7      | Reached skill level 14 in Maces & Flails
  7306 | D:8      | Noticed Pikel
  7322 | D:8      | HP: 2/71 [slave[Pikel] (10)]
  7323 | D:8      | Mangled by a slave

Skill      XL: |  1  2  3  4  5  6  7  8  9 |
---------------+----------------------------+-----
Maces & Flails | 3 5 7 9 11 13 14 | 14.0
Fighting       | |  3.9
Throwing       | |  0.6
Armour         | |  3.9
Shields        | |  3.9

Action                   |  1- 3 |  4- 6 |  7- 9 || total
-------------------------+-------+-------+-------++-------
Melee: Flail             |    84 |    71 |       ||   155
       Headbutt          |     8 |    24 |    60 ||    92
       Mace              |       |    36 |   299 ||   335
       Unarmed           |       |       |     4 ||     4
  Use: Scroll            |     2 |     2 |     1 ||     5
  Eat: Chunk             |     1 |     7 |    13 ||    21
Armor: Scale mail        |    32 |    42 |   113 ||   187
       Skin              |       |       |     2 ||     2
Dodge: Dodged            |    28 |    18 |    80 ||   126
Block: Shield            |    48 |    38 |   126 ||   212
